 Dungeon Crawl Stone Soup version 0.32-a0-960-g3814254bd7 (webtiles) character file.

Game seed: 15974435808061188380

616 Autsider the Sneak (level 7, -6/46 HPs)
             Began as a Vampire Enchanter on Apr 17, 2024.
             Shot with an arrow by a centaur (8 damage)
             ... on level 5 of the Dungeon.
             The game lasted 00:13:16 (3710 turns).

Autsider the Sneak (Vampire Enchanter)              Turns: 3710, Time: 00:13:17

Health: -6/46      AC:  3    Str:  7    XL:     7   Next: 21%
Magic:  4/13       EV: 11    Int: 19    God:
Gold:   233        SH:  0    Dex: 15    Spells: 6/14 levels left

rFire   . . .        p - +4 short sword (venom)
rCold   . . .        (no shield)
rNeg    . . .        b - +0 robe
rPois   .            m - +0 helmet
rElec   .            (no cloak)
rCorr   .            (no gloves)
SInv    +            (no boots)
Will    .....        (no amulet)
Stlth   ++++         (no ring)
HPRegen 0.47/turn    (no ring)
MPRegen 0.13/turn

%: no passive effects
@: healing quickly, invisible
A: alive, fangs 3, see invisible, vampiric 2
a: Exsanguinate


You were on level 5 of the Dungeon.
You visited 1 branch of the dungeon, and saw 5 of its levels.

You collected 233 gold pieces.

Inventory:

Hand Weapons
 a - a +1 dagger
 p - a +4 short sword of venom (weapon)
 r - a +2 dagger of draining
Missiles
 s - 9 javelins (quivered)
Armour
 b - a +0 robe (worn)
 m - a +0 helmet (worn)
Jewellery
 j - a ring of ice
Wands
 n - a wand of polymorph (4)
 q - a wand of flame (21)
Scrolls
 i - a scroll of brand weapon
 k - a scroll of teleportation {@r2}
Potions
 c - a potion of invisibility
 d - a potion of heal wounds {unknown}
 e - a potion of berserk rage {unknown}
 f - a potion of might {unknown}
 g - 2 potions of lignification
 l - a potion of curing {unknown}
 o - 2 potions of enlightenment
 t - 2 potions of magic {unknown}


   Skills:
 - Level 1.1 Short Blades
 - Level 2.1 Dodging
 + Level 7.5 Stealth
 - Level 4.0 Spellcasting
 + Level 7.1 Hexes
 + Level 3.6 Ice Magic


You had 6 spell levels left.
You knew the following spells:

 Your Spells              Type           Power      Damage    Failure   Level
a - Ensorcelled Hibernat  Hex/Ice        48%        N/A       2%          2
b - Confusing Touch       Hex            31%        N/A       2%          3
c - Tukima's Dance        Hex            31%        N/A       2%          3

Your spell library contained the following spells:

 Spells                   Type           Power      Damage    Failure   Level
 Dazzling Flash           Conj/Hex       34%        N/A       10%         3
 Inner Flame              Hex/Fire       17%        N/A       10%         3
 Ozocubu's Armour         Ice            17%        N/A       10%         3
 Apportation              Tloc           6%         N/A       14%         1
 Necrotise                Necr           12%        1d4       14%         1
 Sting                    Conj/Alch      12%        1d3       14%         1
 Summon Small Mammal      Summ           12%        N/A       14%         1
 Lesser Beckoning         Tloc           6%         N/A       21%         2
 Hailstorm                Conj/Ice       10%        3d6       21%         3
 Summon Ice Beast         Ice/Summ       10%        N/A       21%         3
 Fugue of the Fallen      Necr           3%         N/A       38%         3
 Maxwell's Portable Pile  Tloc           3%         2d(5-14)  38%         3
 Mephitic Cloud           Conj/Alch/Air  3%         N/A       38%         3
 Teleport Other           Tloc           3%         N/A       38%         3
 Silence                  Hex/Air        8%         N/A       65%         5
 Flame Wave               Conj/Fire      3%         2d5       80%         4
 Ignite Poison            Fire/Alch      3%         N/A       80%         4
 Sticky Flame             Fire/Alch      3%         2d4       80%         4
 Permafrost Eruption      Ice/Erth       5%         2x4d2     100%        6
 Sculpt Simulacrum        Ice/Alch       5%         N/A       100%        6
 Manifold Assault         Tloc           1%         N/A       100%        7
 Ignition                 Fire           1%         3d3       100%        8


Dungeon Overview and Level Annotations

Branches:
Dungeon (5/15)
 Temple: D:4-7

Altars:
Fedhas

Shops:
D:3 :

Annotations:
D:1 exclusion: 2 downstairs
D:5 Blork the orc


Innate Abilities, Weirdness & Mutations

Your natural rate of healing is accelerated.
You have razor-sharp teeth.
You have supernaturally acute eyesight. (SInv)
You are afflicted with vampirism and can become a bat while bloodless.


Message History

Blork the orc is heavily wounded.
Blork the orc hits you with a +0 dire flail!
* * * LOW HITPOINT WARNING * * *
The howler monkey howls!
Casting: Ensorcelled Hibernation (safe; 2% risk of failure)
Confirm with . or Enter, or press ? or * to list all spells.
Aiming: Ensorcelled Hibernation (safe; 2% risk of failure)
Press: ? - help, Shift-Dir - straight line, f/p - Blork the orc
Aim: Blork the orc, wielding a +0 dire flail and wearing a +0 robe (heavily wounded, chance to affect: 55%) Blork the orc resists with significant effort.
Blork the orc hits you with a +0 dire flail!
* * * LOW HITPOINT WARNING * * *
Okay, then.
Aiming: Polymorph
Press: ? - help, Shift-Dir - straight line, f/p - Blork the orc
Aim: Blork the orc, wielding a +0 dire flail and wearing a +0 robe (heavily wounded, will become a jackal, a frilled lizard, or a ball python, chance to affect: 49%) Blork the orc resists with some effort.
Blork the orc hits you with a +0 dire flail.
* * * LOW HITPOINT WARNING * * *
Blork the orc looks satisfied for a moment.
There is a stone staircase leading down here.
Blork the orc miscasts a cantrip.
Blork the orc gestures at you while chanting.
The puff of frost hits you!
* * * LOW HITPOINT WARNING * * *
Blork the orc casts a spell at you. The magic dart hits you.
* * * LOW HITPOINT WARNING * * *
You see here a +0 robe.
Blork the orc gestures at you while chanting.
The magic dart hits you.
* * * LOW HITPOINT WARNING * * *
The centaur wields a +0 shortbow.
The centaur shoots an arrow.
The arrow hits you!
* * * LOW HITPOINT WARNING * * *
The centaur shoots an arrow.
The arrow barely misses you.
You fade into invisibility!
The centaur shoots an arrow.
The arrow closely misses you.
The centaur shoots an arrow.
The arrow hits you!
You die...

#.##.#######
#c...#
#.[### #.o#
#..# #..#
#..#
#..#######
#.@#.....#
#..#.....#
#........#
#.##.....#
#.##.....#
#.####.###
#.......#
######..#
####..###


You could see Blork the orc (unable to see you) and a centaur (unable to see
you).

Vanquished Creatures
  2 hounds
  An orc priest (D:3)
  A bombardier beetle (D:4)
  A gnoll bouda (D:5)
  Natasha (thrice) (D:2)
  A sleepcap (D:5)
  Ijyb (D:3)
  4 orc wizards
  10 adders
  A shadow imp (D:4)
  A white imp (D:4)
  2 ufetubi (D:5)
  A dart slug (D:1)
  3 ribbon worms (D:2)
  4 orcs (D:3)
  10 ball pythons
  10 bats
  5 endoplasms
  3 giant cockroaches
  7 goblins
  4 hobgoblins
  5 kobolds
  5 quokkas
  2 frilled lizards (D:3)
  6 rats
93 creatures vanquished.

Vanquished Creatures (collateral kills)
  An orc priest (D:3)
  2 orcs (D:3)
3 creatures vanquished.

Grand Total: 96 creatures vanquished

Notes
Turn   | Place    | Note
-------+----------+-------------------------------------------
     0 | D:1      | Autsider the Vampire Enchanter began the quest for the Orb.
     0 | D:1      | Reached XP level 1. HP: 13/13 MP: 3/3
   226 | D:1      | Reached XP level 2. HP: 19/19 MP: 5/5
   491 | D:1      | Reached skill level 1 in Ice Magic
   522 | D:1      | Reached skill level 5 in Stealth
   584 | D:1      | Gained mutation: You are afflicted with vampirism and can
                  | become a bat while bloodless. [Vampire growth]
   584 | D:1      | Reached XP level 3. HP: 24/24 MP: 6/6
   998 | D:2      | Reached skill level 5 in Hexes
  1056 | D:1      | Learned a level 2 spell: Ensorcelled Hibernation
  1060 | D:1      | Learned a level 3 spell: Confusing Touch
  1249 | D:2      | Reached XP level 4. HP: 30/30 MP: 6/8
  1345 | D:2      | Noticed Natasha
  1357 | D:2      | Killed Natasha
  1696 | D:2      | Noticed Natasha
  1702 | D:2      | Killed Natasha
  1703 | D:2      | Reached XP level 5. HP: 35/35 MP: 6/9
  1804 | D:2      | Noticed Natasha
  1818 | D:2      | Killed Natasha
  1967 | D:3      | Found Cudd's Book Boutique.
  2234 | D:3      | Learned a level 3 spell: Tukima's Dance
  2258 | D:3      | Reached XP level 6. HP: 10/41 MP: 0/11
  2431 | D:3      | Found a blossoming altar of Fedhas.
  2468 | D:3      | Noticed Ijyb
  2473 | D:3      | Killed Ijyb
  2481 | D:3      | You fall into a shaft and drop 1 floor!
  3230 | D:4      | Reached XP level 7. HP: 28/46 MP: 3/12
  3573 | D:5      | Entered Level 5 of the Dungeon
  3672 | D:5      | Noticed Blork the orc
  3684 | D:5      | HP: 2/46 [Blork the orc/puff of frost (11)]
  3708 | D:5      | HP: 1/46 [centaur/arrow (10)]
  3710 | D:5      | Shot with an arrow by a centaur

Illustrated notes

Levels and vault maps discovered:
D:1:      mrwooster_arrival_statue_2, layout_basic, serial_bayou_lagoon_b
D:2:      layout_rooms, st_stairs_12, uniq_natasha
D:3:      layout_rooms, lemuel_coloured_pillars_altar, serial_shops, shop,
          uniq_ijyb
D:4:      layout_basic, serial_library_hellmonk_octagon
D:5:      layout_loops_ring, minmay_circle_x, uniq_blork_the_orc

Skill      XL: |  1  2  3  4  5  6  7 |
---------------+----------------------+-----
Ice Magic      | 1 2 3 |  3.6
Stealth        | 5 6 7 |  7.5
Hexes          | 5 6 7 |  7.1
Spellcasting   | 3 4 |  4.0
Short Blades   | |  1.1
Dodging        | |  2.1

Action                     |  1- 3 |  4- 6 |  7- 9 || total
---------------------------+-------+-------+-------++-------
  Melee: Dagger            |   112 |    80 |       ||   192
         Bite              |     8 |    12 |     4 ||    24
         Short sword       |       |    37 |    23 ||    60
   Cast: Ensorcelled Hiber |     7 |    32 |     3 ||    42
         Confusing Touch   |       |     6 |     1 ||     7
         Tukima's Dance    |       |    10 |     2 ||    12
  Evoke: Wand              |       |       |     1 ||     1
    Use: Scroll            |       |     3 |     1 ||     4
         Potion            |       |       |     1 ||     1
   Stab: Sleeping          |    13 |    25 |     4 ||    42
         Confused          |       |     4 |     1 ||     5
 Armour: Robe              |    73 |    48 |    21 ||   142
  Dodge: Dodged            |    96 |    74 |    16 ||   186

Table legend: (Time is in decaauts)
 A = Elapsed time spent in this place.
 B = Non-inter-level travel time spent in this place.
 C = Inter-level travel time spent in this place.
 D = Time resting spent in this place.
 E = Time spent auto-exploring this place.
 F = Levels seen in this place.
 G = Mean time per level.
                   A        B        C        D        E       F      G
               +--------+--------+--------+--------+--------+-----+--------+
         Total |   3712 |   3484 |    228 |    722 |   1812 |   5 |  742.4 |
       Dungeon |   3712 |   3484 |    228 |    722 |   1812 |   5 |  742.4 |
               +--------+--------+--------+--------+--------+-----+--------+

Top non-repeatable levels by time:
     D:1: 1127 daAuts
     D:3: 873 daAuts
     D:4: 799 daAuts
     D:2: 775 daAuts
     D:5: 135 daAuts
